 Dungeon Crawl Stone Soup version 0.28-a0-1629-gf728b707aa (webtiles) character file.

Game seed: 18157114816609645825

17755 esteth the Geomancer (level 12, -4/72 HPs)
             Began as a Gargoyle Earth Elementalist on Jan 24, 2022.
             Was a High Priest of Vehumet.
             Shot with an arrow by a centaur warrior (16 damage)
             ... on level 13 of the Dungeon.
             The game lasted 00:40:00 (16677 turns).

esteth the Geomancer (Gargoyle Earth Elementalist) Turns: 16677, Time: 00:40:01

Health: -4/72      AC: 25    Str: 13    XL:     12   Next: 51%
Magic:  2/22       EV: 12    Int: 20    God:    Vehumet [*****.]
Gold:   459        SH:  0    Dex: 10    Spells: 7/25 levels left

rFire   + . .      SeeInvis +   B - +0 staff of Battle
rCold   . . .      Faith    .   (no shield)
rNeg    + . .      Spirit   .   E - +2 leather armour {rF+}
rPois   ∞          Reflect  .   C - +2 helmet {SInv}
rElec   +          Harm     .   (no cloak)
rCorr   .          Rampage  .   f - +0 pair of gloves
Will    .....                   u - +1 pair of boots {Fly}
Stlth   ++........              (no amulet)
HPRegen 0.22/turn               g - +4 ring of protection
MPRegen 0.18/turn               (no ring)

@: flying
A: sickness immunity, AC +8, negative energy resistance 1, electricity
resistance, torment resistance 1, petrification resistance
a: Renounce Religion


You were on level 13 of the Dungeon.
You worshipped Vehumet.
Vehumet was extremely pleased with you.
You visited 1 branch of the dungeon, and saw 13 of its levels.
You also visited: Bailey.

You collected 693 gold pieces.
You spent 234 gold pieces at shops.

Inventory:

Hand Weapons
 r - a +2 dagger of venom
 B - the +0 staff of Battle (weapon)
   (You found it in a bailey)

   It enhances your conjuration magic.
   It summons a battlesphere in combat, with strength depending on Conjurations
   skill.
   Its strikes trigger the battlesphere's blasts.
Missiles
 b - 3 throwing nets
 c - 148 stones
 e - 6 boomerangs of dispersal
Armour
 f - a +0 pair of gloves (worn)
 u - a +1 pair of boots of flying (worn)
 A - a +2 hat
 C - a +2 helmet of see invisible (worn)
 E - a +2 leather armour of fire resistance (worn)
Jewellery
 g - a +4 ring of protection (left hand)
 i - a ring of fire
 n - a ring of protection from fire
 z - a ring of wizardry
Wands
 D - a wand of paralysis (5)
 H - a wand of polymorph (8)
Scrolls
 a - a scroll of vulnerability
 d - a scroll of enchant weapon
 j - 2 scrolls of teleportation
 l - 2 scrolls of magic mapping
 p - a scroll of amnesia {unknown}
 q - 2 scrolls of silence
 s - 10 scrolls of identify
 t - 2 scrolls of enchant armour
 y - a scroll of brand weapon {unknown}
 F - a scroll of immolation {unknown}
 G - 2 scrolls of fear {unknown}
 J - 3 scrolls of torment {unknown}
 L - a scroll of noise {unknown}
 M - a scroll of holy word {unknown}
Potions
 k - a potion of mutation {unknown}
 m - 3 potions of degeneration
 v - a potion of invisibility
 w - 2 potions of attraction {unknown}
 x - 2 potions of magic {unknown}
 I - 2 potions of haste {unknown}
 K - a potion of cancellation {unknown}
 N - 2 potions of lignification {unknown}
 O - a potion of flight {unknown}


   Skills:
 + Level 7.1 Fighting
 - Level 5.0 Armour
 - Level 5.0 Dodging
 - Level 2.1 Stealth
 - Level 7.0 Spellcasting
 + Level 10.6 Conjurations
 - Level 4.0 Translocations
 - Level 6.0 Transmutations
 - Level 5.0 Fire Magic
 - Level 10.6 Earth Magic


You had 7 spell levels left.
You knew the following spells:

 Your Spells              Type           Power      Damage    Failure   Level
a - Magic Dart            Conj           100%       1d8       1%          1
b - Stone Arrow           Conj/Erth      100%       3d13      1%          3
c - Petrify               Tmut/Erth      40%        N/A       3%          4
d - Sandblast             Erth           98%        2d20      1%          1
e - Iskenderun's Mystic   Conj/Tloc      53%        2d11      1%          4
f - Fireball              Conj/Fire      27%        3d12      3%          5

Your spell library contained the following spells:

 Spells                   Type           Power      Damage    Failure   Level
 Passwall                 Tmut/Erth      33%        N/A       1%          2
 Wereblood                Tmut           31%        N/A       1%          2
 Dazzling Flash           Conj/Hex       84%        N/A       1%          3
 Ignite Poison            Fire/Tmut/Pois 21%        N/A       2%          3
 Mephitic Cloud           Conj/Pois/Air  31%        N/A       2%          3
 Hailstorm                Conj/Ice       42%        3d10      3%          4
 Poisonous Vapours        Pois/Air       14%        N/A       4%          2
 Slow                     Hex            28%        N/A       12%         1
 Leda's Liquefaction      Hex/Erth       14%        N/A       13%         4
 Portal Projectile        Hex/Tloc       30%        N/A       16%         3
 Call Imp                 Summ           7%         N/A       17%         2
 Ensorcelled Hibernation  Hex/Ice        14%        N/A       17%         2
 Starburst                Conj/Fire      27%        6d9       17%         6
 Ice Form                 Ice/Tmut       19%        N/A       32%         4
 Call Canine Familiar     Summ           7%         N/A       34%         3
 Confusing Touch          Hex            7%         N/A       34%         3
 Swiftness                Air            7%         N/A       34%         3
 Vampiric Draining        Necr           7%         2d6       34%         3
 Alistair's Intoxication  Tmut/Pois      12%        N/A       67%         5
 Agony                    Necr           7%         N/A       97%         5
 Simulacrum               Ice/Necr       3%         N/A       100%        6
 Summon Hydra             Summ           3%         N/A       100%        7
 Sublimation of Blood     Necr           Unusable   N/A       N/A         2

Dungeon Overview and Level Annotations

Branches:
Dungeon (14/15)            Temple (0/1) D:6            Lair (0/6) D:9
 Bailey (visited)
    Orc: D:9-12      Vaults: D:13-14

Altars:
Ashenzari
Ru
Uskayaw
Vehumet
Wu Jian
Xom
Zin

Shops:
D:2 :

Annotations:
D:3 1 runed translucent door, Crazy Yiuf
D:6 exclusion: downstairs
D:10 1 runed translucent door


Innate Abilities, Weirdness & Mutations

You are immune to sickness and miasma.
Your stone body is resilient. (AC +8)
You are immune to poison.
You resist negative energy. (rN+)
You are resistant to electric shocks. (rElec)
You are resistant to unholy torment.
You are immune to petrification.


Message History

Press: ? - help, Shift-Dir - straight line, f/p - centaur warrior
Aim: a centaur warrior, wielding a +0 shortbow and quivering arrows (moderately wounded, ally target, 100% to hit)
You feel a surge of power!
The magic dart hits the centaur warrior but does no damage.
The centaur warrior is moderately wounded.
You flicker for a moment.
Your battlesphere fires!
The barrage of energy hits the centaur warrior!
The centaur warrior is heavily wounded.
The centaur warrior shoots an arrow.
The arrow hits you but does no damage.
The centaur warrior shoots an arrow.
The arrow misses you.
Casting: Magic Dart (safe; 1% risk of failure)
Confirm with . or Enter, or press ? or * to list all spells.
Aiming: Magic Dart (safe; 1% risk of failure)
Press: ? - help, Shift-Dir - straight line, f/p - centaur warrior
Aim: a centaur warrior, wielding a +0 shortbow and quivering arrows (heavily wounded, ally target, 100% to hit)
You feel a surge of power!
The magic dart hits the centaur warrior.
The centaur warrior is heavily wounded.
Your battlesphere fires!
The barrage of energy hits the centaur warrior.
The centaur warrior is heavily wounded.
The centaur warrior shoots an arrow.
The arrow hits you!
* * * LOW HITPOINT WARNING * * *
The centaur warrior shoots an arrow. x2
Casting: Magic Dart (safe; 1% risk of failure)
Confirm with . or Enter, or press ? or * to list all spells.
You don't have enough magic to cast this spell.
Unknown command.
The centaur warrior shoots an arrow.
You flicker back into view.
The centaur warrior shoots an arrow.
The arrow hits your battlesphere!!
Your battlesphere is destroyed!
You conjure a globe of magical energy.
The centaur warrior shoots an arrow.
The arrow closely misses you.
Okay, then.
As you read the scroll of fog, it crumbles to dust.
The scroll dissolves into smoke.
The centaur warrior shoots an arrow.
The arrow hits you!
You die...

####c##...# #.#
#.##.#.# ..# #
#°##.#.######.#
#.##..........
#....###.##.#.
#...c..○...#
#..#####.#.#
##.#§####§#.#
#.###*@§c...#
##.#§#####..#
##.## ..# #.#
.... ##†##
#.###
##...##### ..
#........# ###
##...###.#
##.## #.#


You could see a centaur warrior and a friendly battlesphere.

Vanquished Creatures
  Harold (D:11)
  A boulder beetle (D:9)
  A centaur warrior (D:13)
  A hydra (D:13)
  3 two-headed ogres
  3 orc knights (Bailey)
  A manticore (D:13)
  3 ugly things
  A centaur zombie (D:10)
  A kobold demonologist (D:11)
  3 trolls
  2 hornets (D:9)
  2 wraiths (D:13)
  2 wyverns
  Sigmund (D:3)
  3 yaks (D:9)
  A vampire (D:9)
  Eustachio (D:4)
  A steam dragon (D:4)
  Grum (D:9)
  Menkaure (D:6)
  Edmund (D:6)
  An acid dragon (D:8)
  A floating eye (shapeshifter) (D:13)
  3 water moccasins
  A hornet zombie (D:8)
  8 orc warriors
  2 ice beasts
  A black bear (D:8)
  2 sky beasts
  3 ogres
  6 wolves (D:9)
  6 centaurs
  2 necrophages (D:6)
  18 kobold brigands
  Blork the orc (D:6)
  5 scorpions
  A water moccasin skeleton (D:4)
  A howler monkey (D:10)
  18 wights
  4 electric eels
  2 bullfrog zombies
  A centaur skeleton (D:6)
  5 hounds
  3 jellies
  3 orc priests
  2 bullfrog skeletons (D:6)
  5 gnoll shamans
  Jessica (D:2)
  4 iguanas
  8 orc wizards
  A hound skeleton (D:4)
  Robin (D:3)
  A howler monkey zombie (D:7)
  16 gnolls
  4 adders
  2 white imps
  2 ufetubi (D:6)
  3 adder skeletons (D:4)
  3 worms
  4 dart slugs
  43 orcs
  5 ball pythons
  4 endoplasms
  3 giant cockroaches
  17 goblins
  9 hobgoblins
  2 jackals (D:3)
  4 bats (D:3)
  A frilled lizard (D:2)
  22 kobolds
  14 rats
314 creatures vanquished.

Vanquished Creatures (others)
  A fungus (D:6)
  11 plants
12 creatures vanquished.

Grand Total: 326 creatures vanquished

Notes
Turn   | Place    | Note
-------+----------+-------------------------------------------
     0 | D:1      | esteth the Gargoyle Earth Elementalist began the quest for
                  | the Orb.
     0 | D:1      | Reached XP level 1. HP: 10/10 MP: 3/3
   429 | D:1      | Reached XP level 2. HP: 15/15 MP: 5/5
   959 | D:1      | Found a faded altar of an unknown god.
  1432 | D:1      | Reached XP level 3. HP: 19/19 MP: 6/6
  1554 | D:1      | Reached skill level 5 in Earth Magic
  1744 | D:2      | Noticed Jessica
  1751 | D:2      | Killed Jessica
  1875 | D:2      | Found Ikungy's Book Boutique.
  1958 | D:2      | Reached XP level 4. HP: 24/24 MP: 5/7
  2093 | D:2      | Learned a level 3 spell: Stone Arrow
  2656 | D:3      | Noticed Robin
  2661 | D:3      | Reached skill level 1 in Conjurations
  2712 | D:3      | Killed Robin
  2764 | D:3      | Reached XP level 5. HP: 20/28 MP: 4/8
  2964 | D:3      | Noticed Sigmund
  2995 | D:3      | Killed Sigmund
  2996 | D:3      | Reached XP level 6. HP: 27/32 MP: 9/9
  3415 | D:3      | Found a runed translucent door.
  3416 | D:3      | Noticed Crazy Yiuf
  3842 | D:4      | Found a hide-covered altar of Uskayaw.
  3955 | D:4      | Noticed Eustachio
  4228 | D:4      | Reached XP level 7. HP: 13/36 MP: 8/10
  4565 | D:4      | Found a radiant altar of Vehumet.
  4598 | D:4      | Became a worshipper of Vehumet
  4915 | D:4      | Noticed a steam dragon
  4928 | D:4      | Reached skill level 5 in Conjurations
  4937 | D:4      | Killed a steam dragon
  5305 | D:4      | Reached XP level 8. HP: 38/41 MP: 11/11
  5420 | D:4      | Killed Eustachio
  5834 | D:5      | Entered Level 5 of the Dungeon
  6459 | D:5      | Found a glowing silver altar of Zin.
  6548 | D:6      | Noticed Edmund
  6557 | D:6      | Learned a level 4 spell: Petrify
  6575 | D:6      | Killed Edmund
  6576 | D:6      | Reached skill level 1 in Transmutations
  6960 | D:6      | Got the Almanac of Ghastly Envenoming
  7047 | D:6      | Reached * piety under Vehumet
  7047 | D:6      | Offered knowledge of Shock by Vehumet.
  7137 | D:6      | Found a staircase to the Ecumenical Temple.
  7144 | D:6      | Noticed Menkaure
  7151 | D:6      | Killed Menkaure
  7579 | D:6      | Reached XP level 9. HP: 45/45 MP: 14/14
  8007 | D:6      | Found a sacrificial altar of Ru.
  8245 | D:6      | Reached skill level 5 in Spellcasting
  8389 | D:6      | Noticed Blork the orc
  8395 | D:6      | Killed Blork the orc
  8826 | D:7      | Found an ornate altar of the Wu Jian Council.
  8987 | D:7      | Found a flagged portal.
  9020 | Bailey   | Entered a bailey
  9040 | Bailey   | Reached skill level 5 in Transmutations
  9152 | Bailey   | Reached ** piety under Vehumet
  9198 | Bailey   | Offered knowledge of Scorch by Vehumet.
  9345 | Bailey   | Noticed an orc knight
  9345 | Bailey   | Identified the +1 plate armour of Limitation {rPois Will-
                  | Str+5 SInv}
  9390 | Bailey   | Noticed an orc knight
  9424 | Bailey   | Killed an orc knight
  9425 | Bailey   | Reached XP level 10. HP: 12/50 MP: 7/20
  9811 | Bailey   | Noticed an orc knight
  9862 | Bailey   | Killed an orc knight
  9863 | Bailey   | Reached skill level 1 in Fighting
  9863 | Bailey   | Reached skill level 10 in Earth Magic
 10188 | Bailey   | Killed an orc knight
 10394 | Bailey   | Found the +0 staff of Battle
 11090 | D:7      | Offered knowledge of Conjure Flame by Vehumet.
 11406 | D:2      | Bought a book of Minor Magic for 234 gold pieces
 11408 | D:2      | Learned a level 1 spell: Magic Dart
 12176 | D:8      | Identified the +5 ring mail of Weirdness {Harm Str+4 Int-4
                  | SInv}
 12443 | D:8      | Reached *** piety under Vehumet
 12444 | D:8      | Reached skill level 5 in Fighting
 12790 | D:8      | Noticed a brown ugly thing
 12796 | D:8      | Killed a brown ugly thing
 12797 | D:8      | Reached XP level 11. HP: 64/64 MP: 17/21
 12856 | D:8      | Found a broken altar of Ashenzari.
 12923 | D:8      | Noticed a two-headed ogre
 12929 | D:8      | Killed a two-headed ogre
 13174 | D:8      | Found a shimmering altar of Xom.
 13212 | D:8      | Offered knowledge of Frozen Ramparts by Vehumet.
 13424 | D:9      | Noticed Grum
 13427 | D:9      | Killed Grum
 13586 | D:9      | Reached skill level 1 in Armour
 13586 | D:9      | Reached skill level 10 in Conjurations
 13725 | D:9      | Noticed a boulder beetle
 13738 | D:9      | Killed a boulder beetle
 14335 | D:9      | Reached skill level 5 in Armour
 14344 | D:9      | Reached **** piety under Vehumet
 14508 | D:9      | Found a staircase to the Lair.
 14691 | D:10     | Entered Level 10 of the Dungeon
 14695 | D:9      | Offered knowledge of Yara's Violent Unravelling by Vehumet.
 14898 | D:10     | Noticed a two-headed ogre
 14902 | D:10     | Killed a two-headed ogre
 15548 | D:10     | Noticed a flayed ghost
 15548 | D:10     | Noticed a deep troll
 15548 | D:10     | Noticed a deep troll earth mage
 15549 | D:10     | Found a runed translucent door.
 15551 | D:10     | Noticed a tengu reaver
 15551 | D:10     | Noticed a fire giant
 15551 | D:10     | Noticed a frost giant
 15551 | D:10     | Noticed a catoblepas
 15551 | D:10     | Noticed a yaktaur captain
 15777 | D:11     | Noticed Harold
 15785 | D:11     | Killed Harold
 15786 | D:11     | Reached skill level 5 in Dodging
 15791 | D:11     | Learned a level 4 spell: Iskenderun's Mystic Blast
 15866 | D:11     | Reached XP level 12. HP: 72/72 MP: 18/22
 15868 | D:11     | Reached skill level 1 in Translocations
 15908 | D:11     | Reached ***** piety under Vehumet
 16027 | D:11     | Offered knowledge of Fireball by Vehumet.
 16034 | D:11     | Learned a level 5 spell: Fireball
 16066 | D:11     | You are sucked into a shaft and drop 3 floors!
 16068 | D:14     | Noticed a six-headed hydra
 16120 | D:13     | Reached skill level 1 in Fire Magic
 16432 | D:13     | Noticed a two-headed ogre
 16434 | D:13     | Noticed a six-headed hydra
 16439 | D:13     | Killed a two-headed ogre
 16466 | D:13     | Killed a six-headed hydra
 16566 | D:13     | Noticed a shock serpent
 16566 | D:13     | a deep troll changed into a shock serpent
 16568 | D:13     | a shock serpent changed into a deep troll
 16600 | D:13     | Noticed a centaur warrior
 16601 | D:13     | Noticed a centaur warrior
 16608 | D:13     | Killed a centaur warrior
 16609 | D:13     | Reached skill level 5 in Fire Magic
 16677 | D:13     | Shot with an arrow by a centaur warrior

Illustrated notes

Levels and vault maps discovered:
D:1:      saegor_arrival_miasma, layout_loops_ring,
          hellmonk_ecumenical_altar_arch_garden, minmay_rat_gold_closets
D:2:      layout_loops_ring, serial_shops, shop_statue, nrook_mini_vaults,
          minmay_misc_feat_enclosed, minivault_26, uniq_jessica
D:3:      layout_basic, uniq_sigmund, uniq_crazy_yiuf_cottage, uniq_robin
D:4:      layout_gridville, nicolae_uskayaw_murder_on_the_dancefloor,
          mainiacjoe_overflow_paths, minmay_divided_ellipse, uniq_eustachio
D:5:      layout_basic, zin_treasury
D:6:      minmay_evil_eye, layout_loops_corners,
          nicolae_ru_the_path_less_chosen, minmay_temple_entry_wispy,
          serial_park_tiny_1, minmay_fractal_squares_gapless_5, uniq_edmund,
          uniq_menkaure, uniq_blork_the_orc
D:7:      layout_layer_cave, nicolae_wu_jian_wuxing_cycle, enter_bailey_3,
          serial_bayou_lagoon_b
D:8:      layout_loops_cross, nicolae_overflow_crystal_walls, lemuel_round_altar
D:9:      layout_rooms, erik_lair_island, grunt_ministairs_5, uniq_grum
D:10:     minmay_gate_of_8, layout_loops_ring
D:11:     layout_basic, erik_orc_3, special_room [special_room_kobold],
          uniq_harold
D:13:     layout_loops_ring, david_vaults_4, minmay_orc_keep
D:14:     layout_gridville, serial_bayou_shore_b

Skill      XL: |  1  2  3  4  5  6  7  8  9 10 11 12 |
---------------+-------------------------------------+-----
Earth Magic    | 4 5 6 7 8 9 10 | 10.6
Conjurations   | 1 3 4 5 6 9 10 | 10.6
Transmutations | 2 5 6 |  6.0
Spellcasting   | 3 6 7 |  7.0
Fighting       | 5 7 |  7.1
Armour         | 5 |  5.0
Dodging        | 5 |  5.0
Translocations | 4 |  4.0
Fire Magic     | 5 |  5.0
Stealth        | |  2.1

Action                   |  1- 3 |  4- 6 |  7- 9 | 10-12 || total
-------------------------+-------+-------+-------+-------++-------
Melee: Unarmed           |   184 |       |       |       ||   184
       Dagger            |     6 |   159 |   317 |    30 ||   512
       Punch             |       |       |     8 |     1 ||     9
       Staff             |       |       |       |     4 ||     4
 Cast: Sandblast         |     8 |    14 |    88 |    11 ||   121
       Stone Arrow       |       |       |     2 |    37 ||    39
       Petrify           |       |       |     4 |    12 ||    16
       Magic Dart        |       |       |       |   346 ||   346
       Iskenderun's Myst |       |       |       |     3 ||     3
  Use: Scroll            |       |     3 |     2 |     7 ||    12
       Potion            |       |     3 |     1 |     4 ||     8
 Stab: Sleeping          |     5 |     1 |     3 |       ||     9
       Petrified         |       |       |    11 |    14 ||    25
Armor: Leather armour    |    69 |   134 |   155 |   134 ||   492
       Robe              |     1 |       |       |       ||     1
Dodge: Dodged            |   106 |   112 |   194 |   105 ||   517

Table legend: (Time is in decaauts)
 A = Elapsed time spent in this place.
 B = Non-inter-level travel time spent in this place.
 C = Inter-level travel time spent in this place.
 D = Time resting spent in this place.
 E = Time spent auto-exploring this place.
 F = Levels seen in this place.
 G = Mean time per level.
                   A        B        C        D        E       F      G
               +--------+--------+--------+--------+--------+-----+--------+
         Total |  16682 |  16111 |    571 |   3290 |  10115 |  14 | 1191.6 |
       Dungeon |  15258 |  14687 |    571 |   2561 |   9807 |  13 | 1173.7 |
        Bailey |   1424 |   1424 |      0 |    729 |    308 |   1 | 1424.0 |
               +--------+--------+--------+--------+--------+-----+--------+

Top non-repeatable levels by time:
     D:6: 2373 daAuts
     D:4: 2173 daAuts
     D:1: 1671 daAuts
     D:7: 1657 daAuts
  Bailey: 1424 daAuts
     D:9: 1419 daAuts
     D:3: 1330 daAuts
     D:8: 1182 daAuts
    D:10: 987 daAuts
     D:2: 813 daAuts
     D:5: 710 daAuts
    D:13: 599 daAuts
    D:11: 326 daAuts
    D:14: 11 daAuts
